AoeStats
← ELFERRBO

Four Lakes

509784611Analyzed
1v1 RM · 6d ago on Sep 28, 2026· 51m 54s· 2 players
Game mode
Random Map
Map size
Tiny (2 player)
Population
200
Speed
Normal
Resources
Standard
Victory
Conquest
Starting age
Dark Age
Ending age
Imperial Age
RankedLock teamsTeams togetherTeam positionsShared explorationLock speedFull tech treeHidden civsTurbo modeCheats
Victory
Defeat
🇦🇷 Saracens · Argentina
706
+19
🇲🇽 Vikings · Mexico
774
-19
ELFERRBO
3:52 Loom
10:24 Feudal Age
12:05 Double-Bit Axe
15:30 Wheelbarrow
15:40 Horse Collar
23:09 Castle Age
22:17 Gold Mining
22:18 Stone Mining
24:32 Forging
24:31 Scale Barding Armor
27:23 Hand Cart
33:15 Heavy Plow
35:24 Town Watch
36:39 Gold Shaft Mining
41:00 Iron Casting
43:09 Imperial Age
42:13 Chain Barding Armor
42:58 Bloodlines
43:32 Ballistics
43:25 Careening
43:24 Town Patrol
43:46 Husbandry
44:58 Chemistry
45:02 Blast Furnace
46:52 Siege Engineers
46:36 Heavy Camel Rider
47:56 Plate Barding Armor
AirEndymion113
7:37 Loom
10:28 Feudal Age
12:58 Double-Bit Axe
22:45 Castle Age
32:30 Man-at-Arms
36:06 Long Swordsman
42:52 Arson
48:01 Imperial Age
Connection lost

Rejoining the realm…

Still unreachable

The connection could not be restored.

Session expired

The server has moved on; the page needs a fresh start.